 Dungeon Crawl Stone Soup version 0.31-a0-656-gb4d89c20fa (webtiles) character file.

Game seed: 15730070283385465799

644 heikuro the Shield-Bearer (level 7, -3/56 HPs)
             Began as a Formicid Fighter on Aug 30, 2023.
             Was an Initiate of Okawaru.
             Slain by a centaur
             ... wielding the +5 falchion of Ashenzari's Hope {heavy, Fly rPois rCorr}
              (6 damage)
             ... on level 5 of the Dungeon on Aug 31, 2023.
             The game lasted 00:10:37 (2727 turns).

heikuro the Shield-Bearer (Formicid Fighter)        Turns: 2727, Time: 00:10:38

Health: -3/56      AC: 18    Str: 22    XL:     7   Next: 81%
Magic:  7/7        EV:  8    Int:  8    God:    Okawaru [......]
Gold:   183        SH:  9    Dex: 13    Spells: 6/6 levels left

rFire   . . .        x - +2 mace (protect)
rCold   . . .        o - +0 kite shield
rNeg    . . .        b - +0 scale mail
rPois   .            (helmet unavailable)
rElec   .            (no cloak)
rCorr   .            (no gloves)
SInv    +            (no boots)
Will    .....        (no amulet) Stlth
                     k - +4 ring of slaying
HPRegen 0.29/turn    r - +4 ring of protection
MPRegen 0.10/turn

%: no passive effects
@: under a protective aura
A: permanent stasis, dig shafts and tunnels, antennae 3, four strong arms
a: Dig, Shaft Self, Renounce Religion


You were on level 5 of the Dungeon.
You worshipped Okawaru.
Okawaru was noncommittal.
You visited 1 branch of the dungeon, and saw 5 of its levels.

You collected 183 gold pieces.

Inventory:

Hand Weapons
 a - a +0 war axe
 w - a +0 spear
 x - a +2 mace of protection (weapon)
 y - a +0 flail of protection
Armour
 b - a +0 scale mail (worn)
 o - a +0 kite shield (worn)
Jewellery
 k - a +4 ring of slaying (left hand)
 n - a ring of protection from cold
 r - a +4 ring of protection (right hand)
 A - a ring of resist corrosion
Wands
 C - a wand of flame (32)
Scrolls
 c - a scroll of silence {unknown}
 e - a scroll of identify
 f - 3 scrolls of fear
 g - a scroll of revelation {unknown}
 i - a scroll of poison {unknown}
 l - 4 scrolls of teleportation {unknown}
 p - a scroll of noise {unknown}
 q - a scroll of vulnerability {unknown}
 s - a scroll of enchant weapon {unknown}
 u - a scroll of amnesia {unknown}
 v - a scroll of enchant armour {unknown}
Potions
 d - a potion of might
 h - 5 potions of curing
 m - a potion of degeneration {unknown}
 t - 2 potions of lignification {unknown}
 z - 2 potions of magic {unknown}
 B - a potion of heal wounds {unknown}


   Skills:
 + Level 5.0 Fighting
 * Level 5.3 Axes
 + Level 5.0 Armour
 + Level 5.9 Shields
 + Level 1.2 Invocations


You had 6 spell levels left.
You didn't know any spells.
Your spell library contained the following spells:

 Spells                   Type           Power      Damage    Failure   Level
 Freeze                   Ice            0%         1d3       92%         1
 Necrotise                Necr           0%         1d4       92%         1
 Frozen Ramparts          Ice            0%         1d1       100%        3
 Hailstorm                Conj/Ice       0%         3d3       100%        3
 Ozocubu's Armour         Ice            0%         N/A       100%        3
 Vampiric Draining        Necr           0%         2d6       100%        3
 Agony                    Necr           0%         N/A       100%        5
 Ozocubu's Refrigeration  Ice            0%         4d7       100%        7


Dungeon Overview and Level Annotations

Branches:
Dungeon (5/15)
 Temple: D:4-7

Altars:
Okawaru
Qazlal
Sif Muna


Innate Abilities, Weirdness & Mutations

You cannot be hasted, slowed, berserked, paralysed or teleported.
You can dig through walls and to a lower floor.
You have a pair of large antennae on your head. (SInv)
Your four strong arms can wield two-handed weapons with a shield.


Message History

You are too injured to fight recklessly!
Press: ? - help, v - describe, . - travel
Here: a centaur, wielding the +5 falchion of Ashenzari's Hope {heavy, Fly rPois rCorr} and wearing +0 acid dragon scales (lightly wounded)
The floor.
Unknown command.
You sock the centaur!
The centaur is severely wounded.
The centaur hits you but does no damage.
You block the centaur's attack.
The centaur hits you but does no damage.
You block the centaur's attack.
Unknown command.
You hit the centaur.
The centaur is severely wounded.
The centaur hits you with the +5 falchion of Ashenzari's Hope {heavy, Fly rPois rCorr}!
You block the centaur's attack.
You hit the centaur.
The centaur is almost dead.
The centaur hits you with the +5 falchion of Ashenzari's Hope {heavy, Fly rPois rCorr}.
* * * LOW HITPOINT WARNING * * *
You block the centaur's attack. x2
The centaur kicks you but does no damage.
You hit the centaur but do no damage.
The centaur is almost dead.
You block the centaur's attack.
The centaur kicks you but does no damage.
Unknown command.
You completely miss the centaur.
The centaur is almost dead.
The centaur hits you with the +5 falchion of Ashenzari's Hope {heavy, Fly rPois rCorr}!
* * * LOW HITPOINT WARNING * * *
The centaur kicks you but does no damage.
Unknown command.
You hit the centaur.
The centaur is almost dead.
The centaur hits you with the +5 falchion of Ashenzari's Hope {heavy, Fly rPois rCorr}.
* * * LOW HITPOINT WARNING * * *
You block the centaur's attack.
The centaur hits you with the +5 falchion of Ashenzari's Hope {heavy, Fly rPois rCorr}.
You die...

.#...#..##.# #............
........##.###............
....#.............!.(.....
...###..)...#...........#.
.........#..#.[..#......#
...........##.............
....##........##..#.......
....#.........###c#.......
.<..#...........@.........
.†........................
....##...................
...##..#........#..#.....
#..##..#...........####..
#.................... .
##....#...............
.##..#...#............
.#....##.#.........


You could see a centaur.

Vanquished Creatures
  Menkaure (D:5)
  An ogre (D:3)
  A phantom (D:4)
  A hound (D:4)
  3 jellies (D:4)
  An orc priest (D:5)
  An iguana (D:3)
  A sleepcap (D:4)
  10 adders
  4 orcs
  3 bats
  5 endoplasms
  A giant cockroach (D:2)
  5 goblins
  5 hobgoblins
  8 jackals
  6 kobolds
  4 quokkas
  9 ball pythons
  5 frilled lizards
  4 rats
79 creatures vanquished.

Notes
Turn   | Place    | Note
-------+----------+-------------------------------------------
     0 | D:1      | heikuro the Formicid Fighter began the quest for the Orb.
     0 | D:1      | Reached XP level 1. HP: 18/18 MP: 1/1
   136 | D:1      | Found a faded altar of an unknown god.
   288 | D:1      | Reached XP level 2. HP: 14/24 MP: 2/2
   816 | D:2      | Reached XP level 3. HP: 21/29 MP: 3/3
  1001 | D:2      | Reached XP level 4. HP: 34/37 MP: 4/4
  1370 | D:3      | Noticed an ogre
  1380 | D:3      | Killed an ogre
  1381 | D:3      | Reached XP level 5. HP: 42/42 MP: 5/5
  1480 | D:3      | Reached skill level 5 in Shields
  1541 | D:3      | Found a shimmering blue altar of Sif Muna.
  1595 | D:3      | Reached XP level 6. HP: 43/48 MP: 6/6
  2173 | D:4      | Reached XP level 7. HP: 50/55 MP: 7/7
  2208 | D:4      | Found an iron altar of Okawaru.
  2231 | D:4      | Became a worshipper of Warmaster Okawaru
  2276 | D:4      | Found a stormy altar of Qazlal.
  2464 | D:5      | Entered Level 5 of the Dungeon
  2504 | D:5      | Reached skill level 5 in Axes
  2542 | D:5      | Noticed Menkaure
  2562 | D:5      | Killed Menkaure
  2563 | D:5      | Reached skill level 5 in Fighting
  2563 | D:5      | Reached skill level 5 in Armour
  2563 | D:5      | Reached skill level 1 in Invocations
  2704 | D:5      | Identified the +5 falchion of Ashenzari's Hope {heavy, Fly
                  | rPois rCorr}
  2727 | D:5      | Slain by a centaur

Illustrated notes

Levels and vault maps discovered:
D:1:      amcnicky_arrival_single_pillar, layout_basic,
          dreamdust_ecumenical_altar_hidden_monk_grotto
D:2:      layout_rooms
D:3:      layout_rooms, mainiacjoe_overflow_cross_hatched
D:4:      layout_cave_pools, kennysheep_okawaru_gauntlet,
          mainiacjoe_overflow_six_doors_small
D:5:      layout_cave_pools, bloody_makhleb, guppyfry_early_lair_pool,
          uniq_menkaure, uniq_edmund

Skill      XL: |  1  2  3  4  5  6  7 |
---------------+----------------------+-----
Axes           | 3 4 5 |  5.3
Fighting       | 4 5 |  5.0
Armour         | 4 5 |  5.0
Shields        | 5 |  5.9
Invocations    | 1 |  1.2

Action                     |  1- 3 |  4- 6 |  7- 9 || total
---------------------------+-------+-------+-------++-------
  Melee: War axe           |    49 |    55 |       ||   104
         Mace              |       |    57 |    41 ||    98
         Spear             |       |       |     5 ||     5
    Use: Scroll            |       |     2 |     1 ||     3
 Armour: Scale mail        |    28 |    56 |    25 ||   109
  Dodge: Dodged            |    32 |    55 |    12 ||    99
  Block: Buckler           |     6 |       |       ||     6
         Kite shield       |    14 |    72 |    29 ||   115

Table legend: (Time is in decaauts)
 A = Elapsed time spent in this place.
 B = Non-inter-level travel time spent in this place.
 C = Inter-level travel time spent in this place.
 D = Time resting spent in this place.
 E = Time spent auto-exploring this place.
 F = Levels seen in this place.
 G = Mean time per level.
                   A        B        C        D        E       F      G
               +--------+--------+--------+--------+--------+-----+--------+
         Total |   2808 |   2691 |    117 |     66 |   1598 |   5 |  561.6 |
       Dungeon |   2808 |   2691 |    117 |     66 |   1598 |   5 |  561.6 |
               +--------+--------+--------+--------+--------+-----+--------+

Top non-repeatable levels by time:
     D:1: 851 daAuts
     D:4: 644 daAuts
     D:3: 537 daAuts
     D:2: 498 daAuts
     D:5: 276 daAuts
